AoeStats
← AutoEveryThing

Black Forest

509860739Analyzed
2v2 RM · 4d ago on Sep 28, 2026· 39m 45s· 4 players
Game mode
Random Map
Map size
Medium (4 player)
Population
200
Speed
Normal
Resources
Standard
Victory
Conquest
Starting age
Dark Age
Ending age
Imperial Age
RankedLock teamsTeams togetherTeam positionsShared explorationLock speedFull tech treeHidden civsTurbo modeCheats
Victory
Defeat
🇫🇷 Goths · France
1473
+12
🇫🇷 Wei · France
1472
+13
🇦🇺 Magyars · Australia
1429
-14
🇦🇷 Romans · Argentina
1362
-11
AutoEveryThing
1:29 Loom
11:58 Feudal Age
15:29 Castle Age
13:43 Horse Collar
17:45 Double-Bit Axe
18:01 Man-at-Arms
20:17 Long Swordsman
23:22 Arson
26:38 Gold Mining
27:55 Pikeman
30:06 Wheelbarrow
30:25 Scale Mail Armor
31:52 Bow Saw
33:57 Stone Mining
34:51 Chain Mail Armor
36:22 Gold Shaft Mining
阿立
0:44 Loom
15:14 Feudal Age
24:42 Castle Age
24:48 Double-Bit Axe
38:30 Gold Mining
Tom
0:26 Loom
11:43 Feudal Age
11:48 Man-at-Arms
12:49 Double-Bit Axe
16:44 Horse Collar
19:16 Wheelbarrow
24:39 Castle Age
23:12 Gold Mining
24:26 Scale Mail Armor
24:37 Forging
24:55 Long Swordsman
25:51 Chain Mail Armor
26:04 Bow Saw
28:06 Pikeman
34:07 Forging
40:08 Imperial Age
Ziko
0:48 Loom
12:03 Feudal Age
16:17 Castle Age
14:30 Double-Bit Axe
15:04 Horse Collar
17:10 Scale Barding Armor
17:18 Bloodlines
22:26 Chain Barding Armor
26:24 Bow Saw
32:36 Elite Skirmisher
33:31 Fletching
36:38 Bodkin Arrow
Connection lost

Rejoining the realm…

Still unreachable

The connection could not be restored.

Session expired

The server has moved on; the page needs a fresh start.